 Dungeon Crawl Stone Soup version 0.28-a0-48-gfd831c5874 (webtiles) character file.

Game seed: 5825765681757490060

44 Spaninq the Sneak (level 3, 0/16 HPs)
             Began as a Vine Stalker Enchanter on July 29, 2021.
             Succumbed to an adder's poison
             ... on level 2 of the Dungeon.
             The game lasted 00:03:18 (1239 turns).

Spaninq the Sneak (Vine Stalker Enchanter)          Turns: 1239, Time: 00:03:18

Health: 0/16       AC:  3    Str: 16    XL:     3   Next: 60%
Magic:  0/8        EV: 12    Int: 15    God:
Gold:   35         SH:  0    Dex: 15    Spells: 4/7 levels left

rFire   . . .      SeeInvis .   a - +1 dagger
rCold   . . .      Faith    .   (no shield)
rNeg    . . .      Spirit   +   b - +0 robe
rPois   .          Reflect  .   f - +1 hat
rElec   .          Harm     .   (no cloak)
rCorr   .          Rampage  .   (no gloves)
Will    .....                   (no boots)
Stlth   +++.......              (no amulet)
HPRegen 0.05/turn               e - +6 ring of strength
MPRegen 0.11/turn               (no ring)

@: lethally poisoned (0 -> -2)
A: fangs 2, magic shield, antimagic bite, no potion heal 2
a: no special abilities


You were on level 2 of the Dungeon.
You visited 1 branch of the dungeon, and saw 2 of its levels.

You collected 35 gold pieces.

Inventory:

Hand Weapons
 a - a +1 dagger (weapon)
Armour
 b - a +0 robe (worn)
 f - a +1 hat (worn)
Jewellery
 e - a +6 ring of strength (left hand)
Scrolls
 d - 3 scrolls of enchant armour {unknown}
 g - a scroll of identify {unknown}
Potions
 c - a potion of might {unknown}


   Skills:
 * Level 1.6 Short Blades
 - Level 1.7 Dodging
 * Level 4.2 Stealth
 + Level 2.6 Spellcasting
 + Level 3.3 Hexes


You had 4 spell levels left.
You knew the following spells:

 Your Spells              Type           Power      Damage    Failure   Level
a - Corona                Hex            12%        N/A       5%          1
b - Ensorcelled Hibernat  Hex/Ice        12%        N/A       16%         2

Your spell library contained the following spells:

 Spells                   Type           Power      Damage    Failure   Level
 Confusing Touch          Hex            11%        N/A       16%         3
 Tukima's Dance           Hex            11%        N/A       16%         3
 Dazzling Flash           Conj/Hex       12%        N/A       32%         3


Dungeon Overview and Level Annotations

Branches:
Dungeon (2/15)

Altars:


Innate Abilities, Weirdness & Mutations

You have extremely sharp teeth.
When hurt, damage is shared between your health and your magic reserves.
Your bite disrupts and absorbs the magic of your enemies.
Potions cannot restore your health.


Message History

The adder resists with some effort.
The adder barely misses you. The adder bites you but does no damage.
Casting: Ensorcelled Hibernation (safe; 16% risk of failure)
Confirm with . or Enter, or press ? or * to list all spells.
Aiming: Ensorcelled Hibernation (safe; 16% risk of failure)
Press: ? - help, Shift-Dir - straight line, f/p - adder
Aim: an adder (chance to affect: 47%)
The adder resists with some effort.
The adder bites you.
You are poisoned.
The adder poisons you!
You hit the adder. Your bite misses the adder.
The adder is lightly wounded.
You feel sick.
The jackal barks!
The adder completely misses you.
You feel sick.
You feel sick. The adder bites you.
You feel sick.
You feel sick.
There is a large open door here.
You feel sick.
You are no longer poisoned.
The adder bites you.
* * * LOW HITPOINT WARNING * * *
You are lethally poisoned!
The adder poisons you!
* * * LOW HITPOINT WARNING * * *
You feel sick.
Casting: Ensorcelled Hibernation (safe; 16% risk of failure)
Confirm with . or Enter, or press ? or * to list all spells.
Aiming: Ensorcelled Hibernation (safe; 16% risk of failure)
Press: ? - help, Shift-Dir - straight line, f/p - adder
Aim: an adder (lightly wounded, chance to affect: 47%)
The adder looks drowsy...
* * * LOW HITPOINT WARNING * * *
You feel sick.
The helpless adder fails to defend itself.
You impale the adder!!
You kill the adder!
You die...

## #### . #.... # #.....
##### #...... ....####
#####.......
.......#########.##........
###.(............#.$.......
# ####.###### #@#.........
######.# #†#...?...#.
.......# #h'.......(#
#####.†# #######.'....w..!#
..# #..###..>....#.......#.
#.# ##..##.#######.........
#.####..##.# #.(.......
...........# ##........
....##..##.# #......


You could see a jackal.

Vanquished Creatures
  A gnoll (D:1)
  An adder (D:2)
  2 worms (D:2)
  3 bats (D:1)
  2 endoplasms
  A giant cockroach (D:2)
  5 goblins (D:1)
  A hobgoblin (D:2)
  2 quokkas (D:1)
  4 ball pythons (D:2)
  2 frilled lizards (D:1)
  2 kobolds (D:1)
  A rat (D:1)
27 creatures vanquished.

Notes
Turn   | Place    | Note
-------+----------+-------------------------------------------
     0 | D:1      | Spaninq the Vine Stalker Enchanter began the quest for the
                  | Orb.
     0 | D:1      | Reached XP level 1. HP: 9/9 MP: 4/4
     6 | D:1      | Found a faded altar of an unknown god.
    55 | D:1      | Reached skill level 1 in Short Blades
    55 | D:1      | Reached XP level 2. HP: 6/13 MP: 0/6
   415 | D:1      | Reached skill level 4 in Stealth
   591 | D:1      | Reached XP level 3. HP: 10/15 MP: 4/7
   777 | D:1      | Learned a level 2 spell: Ensorcelled Hibernation
  1239 | D:2      | Succumbed to an adder's poison

Illustrated notes

Levels and vault maps discovered:
D:1:      nzn_arrival_crosshair, layout_rooms,
          hellmonk_ecumenical_altar_pennies_from_heaven
D:2:      kennysheep_big_flooded_room, layout_loops_ring, basic_altar,
          uniq_sigmund

Skill      XL: |  1  2 |
---------------+-------+-----
Short Blades   | 1 |  1.6
Stealth        | 4 |  4.2
Dodging        | |  1.7
Spellcasting   | |  2.6
Hexes          | |  3.3

Action                   || total
-------------------------++-------
Melee: Dagger            ||    59
       Bite              ||     5
 Cast: Ensorcelled Hiber ||    14
 Stab: Sleeping          ||    17
Armor: Robe              ||     8
Dodge: Dodged            ||    30

Table legend: (Time is in decaauts)
 A = Elapsed time spent in this place.
 B = Non-inter-level travel time spent in this place.
 C = Inter-level travel time spent in this place.
 D = Time resting spent in this place.
 E = Time spent auto-exploring this place.
 F = Levels seen in this place.
 G = Mean time per level.
                   A        B        C        D        E       F      G
               +--------+--------+--------+--------+--------+-----+--------+
         Total |   1237 |   1233 |      4 |    285 |    656 |   2 |  618.5 |
       Dungeon |   1237 |   1233 |      4 |    285 |    656 |   2 |  618.5 |
               +--------+--------+--------+--------+--------+-----+--------+

Top non-repeatable levels by time:
     D:1: 959 daAuts
     D:2: 278 daAuts
